AoeStats
← siemen2311

Arabia

508937727Analyzed
1v1 RM · 8d ago on Sep 24, 2026· 29m 9s· 2 players
Game mode
Random Map
Map size
Tiny (2 player)
Population
200
Speed
Normal
Resources
Standard
Victory
Conquest
Starting age
Dark Age
Ending age
Imperial Age
RankedLock teamsTeams togetherTeam positionsShared explorationLock speedFull tech treeHidden civsTurbo modeCheats
Victory
Defeat
🇮🇹 Franks · Italy
949
+14
🇳🇱 Bulgarians · Netherlands
915
-37
siemen2311
10:38 Loom
12:29 Feudal Age
12:38 Feudal Age
17:31 Castle Age
17:04 Double-Bit Axe
17:45 Scale Barding Armor
17:51 Forging
21:52 Iron Casting
150490644@
6:54 Loom
9:07 Feudal Age
9:47 Double-Bit Axe
15:58 Wheelbarrow
20:55 Castle Age
19:03 Scale Barding Armor
19:09 Forging
18:53 Gold Mining
21:56 Bow Saw
23:52 Husbandry
24:27 Hand Cart
26:34 Town Watch
Connection lost

Rejoining the realm…

Still unreachable

The connection could not be restored.

Session expired

The server has moved on; the page needs a fresh start.